Map: Automaton LE

Players

Piroxiljin - Winner!

  • Race: Terran Terran
  • Spawn Location: 9:00

VOD

Have the link to the VOD?

Description

Time

  • Played on: Jan. 20, 2019, 9:45 a.m.
  • Length: 30:03
Show
View Real Time Build Order
Export as new Build Order

Piroxiljin Terran - Winner!

Build Orders:  

Get SALT Encoding   

  12  0:02  SCV  
  13  0:20  SCV  
  14  0:30  Supply Depot  
  14  0:38  SCV  
  15  1:00  SCV  
  15  1:07  Barracks  
  16  1:17  SCV  
  16  1:18  Refinery  
  17  1:34  SCV  
  18  1:51  SCV  
  19  2:07  SCV  
  19  2:08  Supply Depot  
  20  2:19  Refinery  
  20  2:24  SCV  
  21  2:31  Barracks Reactor  
  21  3:24  Marine  
  21  3:25  Marine  
  21  3:28  SCV  
  24  3:35  Factory  
  24  3:44  SCV  
  25  3:54  Command Center  
  25  4:01  SCV  
  25  4:02  Marine x2  
  28  4:25  SCV  
  29  5:01  Engineering Bay  
  29  5:02  Barracks Tech Lab  
  29  5:11  Supply Depot  
  29  5:14  Hellion  
  31  5:34  Hellion  
  31  5:36  Supply Depot  
  31  5:39  Supply Depot  
  34  5:42  Orbital Command  
  34  5:46  Terran Infantry Weapons Level 1  
  33  6:24  Factory  
  33  6:40  Refinery  
  33  6:52  Supply Depot  
  33  7:04  Orbital Command  
  33  7:07  SCV  
  34  7:18  Hellion x2  
  40  7:24  SCV  
  41  7:37  Factory  
  39  7:41  SCV  
  40  7:50  Barracks Tech Lab  
  40  7:52  Widow Mine  
  40  7:59  Factory, Hellion  
  44  8:19  Widow Mine  
  44  8:26  Terran Infantry Armor Level 1  
  42  8:32  Hellion  
  42  8:33  Widow Mine  
  34  8:57  Hellion  
  34  8:59  Marauder  
  32  9:29  Marauder  
  31  9:58  Hellion x2  
  33  10:01  Siege Tank  
  36  10:12  Concussive Shells  
  36  10:22  Hellion  
  36  10:45  Siege Tank  
  35  10:52  Hellion  
  37  11:05  Supply Depot  
  37  11:07  SCV  
  38  11:24  SCV  
  39  11:30  Factory Tech Lab  
  39  11:36  Barracks Tech Lab  
  39  11:58  Siege Tank x2  
  45  12:10  Command Center  
  45  12:18  SCV  
  46  12:21  Marauder  
  48  12:39  Armory  
  48  12:51  Marauder  
  50  13:21  Marauder  
  50  13:23  Siege Tank x2  
  58  13:51  Terran Infantry Weapons Level 2, Marauder  
  58  13:58  SCV  
  61  14:15  SCV  
  61  14:22  SCV  
  62  14:34  Supply Depot  
  62  14:36  Supply Depot  
  62  14:39  Supply Depot  
  62  14:42  Supply Depot  
  62  15:04  SCV, Siege Tank  
  66  15:14  Terran Vehicle Weapons Level 1  
  66  15:36  Siege Tank  
  69  15:40  SCV  
  69  15:48  Orbital Command  
  69  15:49  Siege Tank  
  73  16:12  Factory  
  73  16:14  Refinery  
  73  16:54  Cyclone x2  
  79  17:01  Widow Mine x2  
  79  17:08  Drilling Claws  
  79  17:17  Thor  
  89  17:22  SCV  
  90  17:32  Factory Tech Lab  
  90  17:45  Starport  
  90  17:53  Supply Depot  
  90  17:57  Supply Depot  
  90  18:02  SCV  
  90  18:03  Supply Depot  
  91  18:12  Cyclone  
  94  18:34  SCV  
  91  19:00  Widow Mine x2  
  91  19:10  Siege Tank x8  
  91  19:14  Cyclone x2  
  91  19:16  Thor  
  107  19:22  Starport Tech Lab  
  107  19:28  Terran Vehicle And Ship Armor Level 1  
  94  20:48  Thor x2  
  106  20:50  Siege Tank x2  
  112  21:00  Armory  
  112  21:14  SCV  
  113  21:37  Siege Tank x10  
  113  21:59  Command Center  
  113  22:46  Supply Depot  
  113  22:52  Thor  
  119  23:21  Refinery  
  119  23:25  Refinery  
  119  23:28  Raven  
  121  23:35  Cyclone  
  121  23:37  Siege Tank x10  
  124  23:52  Thor  
  123  24:16  Unknown  
  108  24:28  Raven  
  104  25:11  Siege Tank x9  
  104  25:18  Thor x2  
  116  25:38  SCV x3  
  107  27:12  Thor x4  
  131  27:32  Siege Tank x5  
  131  27:33  Siege Tank  
  128  28:32  Siege Tank  
  128  28:33  Siege Tank x5  
  128  28:51  SCV  
  128  28:54  SCV  
  130  29:08  SCV  
  131  29:11  SCV  
  132  29:25  SCV  
  132  29:28  SCV  
Tags
 
Add a new tag
Caveats
  • Supply blocks, unpowered buildings, or Contaminate may cause inaccurate times.
  • Supply counts are checked every 10 seconds.